 Dungeon Sprint DCSS version 0.28-a0-630-g0357d9c091 (webtiles) character file.

Game seed: 7119224786938365790

14000000 Colgate the Archmage (level 27, -49/228 HPs)
             Began as a Djinni Warper on Oct 9, 2021.
             Was the Champion of Makhleb.
             Annihilated by a fleshlord (159 damage)
             ... in the Dungeon (Sprint VIII: "Arena of Blood").
             The game lasted 00:14:43 (140 turns).

Colgate the Archmage (Djinni Warper)                 Turns: 140, Time: 00:14:44

Health: -49/228    AC:  6    Str: 10    XL:     27
Gold:   0          EV: 36    Int: 16    God:    Makhleb [******] SH:  0 Dex: 25

rFire   + + .      SeeInvis .   i - +∞ Axe of Woe
rCold   x . .      Faith    .   (shield currently unavailable)
rNeg    . . .      Spirit   .   b - +0 leather armour
rPois   ∞          Reflect  .   (no helmet)
rElec   .          Harm     .   (no cloak)
rCorr   .          Rampage  .   (no gloves)
Will    ++...      NoTele   +   (boots unavailable)
Stlth   ++++++++++              (no amulet)
HPRegen 0.48/turn               (no ring)
MPRegen 0.00/turn               (no ring)

@: flying, slowed, very slow
A: sickness immunity, fire resistance 2, cold vulnerability 1, float, innate
caster, hp casting, extra vitality 1
a: Renounce Religion, Minor Destruction, Lesser Servant of Makhleb, Major
Destruction, Greater Servant of Makhleb


You were in the Dungeon.
You worshipped Makhleb.
Makhleb was exalted by your worship.
You visited 1 branch

Inventory:

Hand Weapons
 a - a +0 hand axe
 i - the +∞ Axe of Woe (weapon)
   (You found it in the Dungeon)
Missiles
 d - 4 boomerangs of dispersal (quivered)
Armour
 b - a +0 leather armour (worn)
Jewellery
 j - a +30 ring of slaying
Scrolls
 c - 2 scrolls of blinking
Potions
 e - a potion of curing
 f - a potion of heal wounds
 g - a potion of haste
 h - a potion of berserk rage


   Skills:
 O Level 27 Fighting
 O Level 27 Short Blades
 O Level 27 Long Blades
 O Level 27 Axes
 O Level 27 Maces & Flails
 O Level 27 Polearms
 O Level 27 Staves
 O Level 27 Slings
 O Level 27 Bows
 O Level 27 Crossbows
 O Level 27 Throwing
 O Level 27 Armour
 O Level 27 Dodging
 O Level 27 Stealth
 O Level 27 Shields
 O Level 27 Unarmed Combat
 O Level 27 Spellcasting
 O Level 27 Invocations
 O Level 27 Evocations


You couldn't memorise any spells.
You knew the following spells:

 Your Spells              Type           Power      Damage    Failure   Level
a - Blink                 Tloc           N/A        N/A       0%          2
b - Lesser Beckoning      Tloc           82%        N/A       0%          3
c - Gell's Gravitas       Tloc           41%        N/A       0%          3
d - Teleport Other        Tloc           82%        N/A       0%          3
e - Manifold Assault      Tloc           82%        N/A       0%          5
f - Sting                 Tmut/Pois      100%       1d8       0%          1
g - Corpse Rot            Necr/Air       N/A        N/A       0%          2
h - Call Imp              Summ           82%        N/A       0%          2
i - Portal Projectile     Hex/Tloc       100%       N/A       0%          3
j - Irradiate             Conj/Tmut      41%        3d27      0%          5
k - Yara's Violent Unrav  Hex/Tmut       41%        3d16      0%          5
l - Iron Shot             Conj/Erth      41%        9d8       0%          6
m - Storm Form            Tmut/Air       41%        N/A       1%          7
n - Ozocubu's Refrigerat  Ice            41%        4d13      1%          7
o - Malign Gateway        Summ/Tloc      41%        N/A       1%          7
p - Haunt                 Necr/Summ      41%        N/A       1%          7
q - Disjunction           Tloc           41%        N/A       1%          8
r - Death's Door          Necr           41%        N/A       2%          9
Your spell library was empty.

Dungeon Overview and Level Annotations

Branches:
Dungeon (1/1)

Altars:
Makhleb


Innate Abilities, Weirdness & Mutations

You are immune to sickness and miasma.
You are immune to poison.
Your flesh is very heat resistant. (rF++)
You are vulnerable to cold. (rC-)
You float through the air rather than walking.
You learn spells naturally, not from books.
Your magical power is your life essence.
You have superior vitality. (+4 HP)


Message History

The fleshlord seems to speed up.
A bag of meat comes into view. It is wielding a +9 war axe.
The fleshlord gestures wildly while chanting.
The fleshlord seems to speed up.
You hear a shout!
The meat berserker hits you with a +9 battleaxe!!!!
The fleshlord mumbles some strange words.
The fleshlord seems to speed up.
You hear an angry hiss. x2
A destroyer comes into view. It is wielding a +9 vorpal great sword.
Casting: Manifold Assault (safe; 0% risk of failure)
Confirm with . or Enter, or press ? or * to list all spells.
Space momentarily warps into an impossible shape!
The eight-headed meat hydra roars!
You slice the large abomination like a ripe choko!!!
You butcher the large abomination messily.
You destroy the large abomination!
The large abomination disappears in a puff of smoke!
You slice the meat berserker!!
You pulverise the meat berserker into a thin bloody mist.
You kill the meat berserker!
Makhleb accepts your kill.
You feel better.
You hit the destroyer.
You dissect the destroyer like a pig carcass.
You destroy the destroyer!
Makhleb accepts your kill.
You slash the tyrant! You chop the tyrant into pieces.
You destroy the tyrant!
Makhleb accepts your kill.
You feel better.
You hear a shout! x4
An eight-headed meat hydra comes into view.
A bag of meat comes into view. It is wielding a +9 war axe.
The eight-headed meat hydra calls on the powers of darkness!
The eight-headed meat hydra convulses!
The bag of meat convulses! x6
The meat berserker convulses!
The bag of meat convulses!
The eight-headed meat hydra convulses!
Your body is wracked with pain!
The fleshlord hits you with a +9 great mace!!!!!
Ouch! That really hurt!
You die...

#)) .)o# . )###..
...###)oD
).)...###).....o.
.))÷.)_...).o.))
#÷.).o# .o...
#_.<._#.Mo.).
).†#).S.)#O.o...
.))).)O.)).)†.).
.)..))###@)..)))D
)###..Opp).###)))
#.).p.o)# .)
#..pO.)X#
z)S).)).†X
V.)o))).X))
..)....XL))
..........##


You could see an accursed, a tentacled monstrosity (summoned), a tyrant, 2
eight-headed meat hydras, a destroyer, 2 scourges, 4 fleshlords, a sculptor of
flesh, 3 large abominations, 4 meat berserkers and 9 bags of meat.

Vanquished Creatures
  8 hell knights (D)
  15 hell beasts (D)
  Edmund (D)
  14 royal mummies (D)
  3 great orbs of eyes (D)
  5 wraiths (D)
  Harold (D)
  14 vampire knights (D)
  41 ogres (D)
  4 two-headed ogres (D)
  6 liches (D)
  11 hydras (D)
  61 orcs (D)
  4 phantoms (D)
  10 skeletal warriors (D)
  4 sea snakes (D)
202 creatures vanquished.

Vanquished Creatures (others)
  An eldritch tentacle (D)
1 creature vanquished.

Grand Total: 203 creatures vanquished

Notes
Turn   | Place    | Note
-------+----------+-------------------------------------------
     0 | D        | Found the +∞ Axe of Woe
     0 | D        | Colgate the Djinni Warper began the quest for the Orb.
     0 | D        | Reached XP level 1. HP: 18/18 MP: 0/0
     1 | D        | Noticed a meat berserker
     1 | D        | Noticed a bag of meat
     2 | D        | Noticed a bag of meat
     3 | D        | Noticed a bag of meat
     3 | D        | Noticed a bag of meat
     4 | D        | Killed a meat berserker
     4 | D        | Noticed a meat berserker
     4 | D        | Noticed a bag of meat
     5 | D        | Reached skill level 10 in Fighting
     5 | D        | Reached XP level 2. HP: 36/36 MP: 0/0
     5 | D        | Reached XP level 3. HP: 41/41 MP: 0/0
     5 | D        | Learned a level 1 spell: Sting
     5 | D        | Reached XP level 4. HP: 47/47 MP: 0/0
     5 | D        | Reached XP level 5. HP: 52/52 MP: 0/0
     5 | D        | Learned a level 2 spell: Corpse Rot
     5 | D        | Reached XP level 6. HP: 58/58 MP: 0/0
     5 | D        | Reached XP level 7. HP: 64/64 MP: 0/0
     5 | D        | Learned a level 2 spell: Call Imp
     5 | D        | Reached XP level 8. HP: 69/69 MP: 0/0
     5 | D        | Reached XP level 9. HP: 75/75 MP: 0/0
     5 | D        | Learned a level 3 spell: Portal Projectile
     5 | D        | Reached XP level 10. HP: 81/81 MP: 0/0
     5 | D        | Reached XP level 11. HP: 86/86 MP: 0/0
     5 | D        | Learned a level 5 spell: Irradiate
     5 | D        | Reached XP level 12. HP: 92/92 MP: 0/0
     5 | D        | Killed a bag of meat
     5 | D        | Killed a bag of meat
     5 | D        | Killed a meat berserker
     5 | D        | Noticed a bag of meat
     6 | D        | Reached skill level 5 in Armour
     6 | D        | Reached XP level 13. HP: 97/103 MP: 0/0
     6 | D        | Learned a level 5 spell: Yara's Violent Unravelling
     6 | D        | Reached XP level 14. HP: 104/110 MP: 0/0
     6 | D        | Killed a bag of meat
     6 | D        | Killed a bag of meat
     6 | D        | Killed a bag of meat
     7 | D        | Reached skill level 15 in Fighting
     7 | D        | Reached skill level 5 in Throwing
     7 | D        | Reached skill level 15 in Dodging
     7 | D        | Reached XP level 15. HP: 108/120 MP: 0/0
     7 | D        | Learned a level 6 spell: Iron Shot
    13 | D        | Reached skill level 15 in Axes
    14 | D        | Reached XP level 16. HP: 108/129 MP: 0/0
    16 | D        | Reached skill level 27 in Spellcasting
    16 | D        | Noticed a meat berserker
    16 | D        | Noticed a meat berserker
    16 | D        | Noticed a meat berserker
    17 | D        | Reached XP level 17. HP: 102/139 MP: 0/0
    17 | D        | Learned a level 7 spell: Storm Form
    17 | D        | Killed a meat berserker
    17 | D        | Killed a meat berserker
    17 | D        | Noticed a meat berserker
    18 | D        | Killed a meat berserker
    18 | D        | Killed a meat berserker
    19 | D        | Reached skill level 10 in Armour
    19 | D        | Reached XP level 18. HP: 103/155 MP: 0/0
    24 | D        | Noticed a destroyer
    25 | D        | Reached skill level 27 in Axes
    25 | D        | Killed a destroyer
    25 | D        | Noticed a meat berserker
    26 | D        | Reached skill level 27 in Fighting
    26 | D        | Reached skill level 10 in Throwing
    26 | D        | Reached XP level 19. HP: 107/174 MP: 0/0
    26 | D        | Learned a level 7 spell: Ozocubu's Refrigeration
    26 | D        | Killed a meat berserker
    27 | D        | Reached skill level 15 in Armour
    29 | D        | Reached skill level 27 in Dodging
    29 | D        | Noticed a destroyer
    29 | D        | Noticed a large bag of meat
    30 | D        | Killed a large bag of meat
    30 | D        | Killed a destroyer
    31 | D        | Reached XP level 20. HP: 97/181 MP: 0/0
    33 | D        | Noticed an eight-headed meat hydra
    34 | D        | Killed a nine-headed meat hydra
    35 | D        | Reached skill level 27 in Armour
    35 | D        | Noticed a meat berserker
    36 | D        | Killed a meat berserker
    36 | D        | Noticed a destroyer
    37 | D        | Reached XP level 21. HP: 82/187 MP: 0/0
    37 | D        | Learned a level 7 spell: Malign Gateway
    37 | D        | Killed a destroyer
    37 | D        | Noticed a destroyer
    38 | D        | Reached skill level 27 in Throwing
    38 | D        | Killed a destroyer
    38 | D        | Noticed a meat berserker
    39 | D        | Reached XP level 22. HP: 75/194 MP: 0/0
    39 | D        | Killed a meat berserker
    39 | D        | Noticed a meat berserker
    40 | D        | Killed a meat berserker
    45 | D        | Noticed an accursed
    46 | D        | Killed an accursed
    46 | D        | Noticed a meat berserker
    47 | D        | Reached skill level 10 in Maces & Flails
    47 | D        | Reached skill level 10 in Polearms
    47 | D        | Reached skill level 10 in Slings
    47 | D        | Reached skill level 10 in Bows
    47 | D        | Reached skill level 10 in Crossbows
    47 | D        | Reached XP level 23. HP: 31/201 MP: 0/0
    47 | D        | Learned a level 7 spell: Haunt
    48 | D        | Noticed an accursed
    49 | D        | Noticed an accursed
    49 | D        | Killed an accursed
    49 | D        | Killed an accursed
    49 | D        | HP: 10/201 [torment (7)]
    50 | D        | Reached XP level 24. HP: 10/208 MP: 0/0
    50 | D        | Noticed a destroyer
    50 | D        | Noticed a destroyer
    52 | D        | Became a worshipper of Makhleb the Destroyer
    52 | D        | Noticed an accursed
    53 | D        | Killed a destroyer
    53 | D        | Reached * piety under Makhleb
    57 | D        | Noticed a dread
    57 | D        | Killed a dread
    57 | D        | Reached ** piety under Makhleb
    58 | D        | Reached skill level 15 in Maces & Flails
    58 | D        | Reached skill level 15 in Polearms
    58 | D        | Reached skill level 15 in Slings
    58 | D        | Reached skill level 15 in Bows
    58 | D        | Reached skill level 15 in Crossbows
    58 | D        | Reached XP level 25. HP: 57/214 MP: 0/0
    58 | D        | Learned a level 8 spell: Disjunction
    62 | D        | Reached *** piety under Makhleb
    62 | D        | Noticed a destroyer
    63 | D        | Killed a destroyer
    64 | D        | Noticed a meat beast
    64 | D        | Killed a meat beast
    64 | D        | Reached **** piety under Makhleb
    64 | D        | Noticed a destroyer
    65 | D        | Reached XP level 26. HP: 181/221 MP: 0/0
    65 | D        | Killed a destroyer
    66 | D        | Reached ***** piety under Makhleb
    67 | D        | Reached XP level 27. HP: 228/228 MP: 0/0
    67 | D        | Learned a level 9 spell: Death's Door
    69 | D        | Noticed an accursed
    70 | D        | Killed an accursed
    70 | D        | Reached ****** piety under Makhleb
    72 | D        | Noticed an accursed
    73 | D        | Killed an accursed
    75 | D        | Noticed a meat beast
    76 | D        | Killed a meat beast
    77 | D        | Noticed a meat beast
    77 | D        | Killed a meat beast
    78 | D        | Reached skill level 27 in Shields
    78 | D        | Reached skill level 27 in Unarmed Combat
    78 | D        | Reached skill level 27 in Invocations
    78 | D        | Reached skill level 27 in Evocations
    80 | D        | Reached skill level 27 in Short Blades
    80 | D        | Reached skill level 27 in Long Blades
    80 | D        | Reached skill level 27 in Staves
    80 | D        | Reached skill level 27 in Stealth
    81 | D        | Noticed a meat beast
    82 | D        | Killed a meat beast
    82 | D        | Noticed a destroyer
    83 | D        | Reached skill level 27 in Maces & Flails
    83 | D        | Reached skill level 27 in Polearms
    83 | D        | Reached skill level 27 in Slings
    83 | D        | Reached skill level 27 in Bows
    83 | D        | Reached skill level 27 in Crossbows
    83 | D        | Killed a destroyer
    84 | D        | Noticed an accursed
    84 | D        | Killed an accursed
    85 | D        | Noticed a meat beast
    86 | D        | Killed a meat beast
    87 | D        | Noticed a dread
    89 | D        | Noticed an accursed
    89 | D        | Noticed a large bag of meat
    90 | D        | Killed an accursed
    91 | D        | Killed a large bag of meat
    91 | D        | Killed a dread
    91 | D        | Noticed a tyrant
    92 | D        | Killed a tyrant
    92 | D        | Noticed a meat beast
    92 | D        | Noticed The Defiler
    93 | D        | Killed The Defiler
    93 | D        | Noticed a large bag of meat
    94 | D        | Killed a large bag of meat
    94 | D        | Noticed a large bag of meat
    95 | D        | Killed a large bag of meat
    95 | D        | Noticed a meat beast
    95 | D        | Noticed a meat beast
    96 | D        | Killed a meat beast
    96 | D        | Killed a meat beast
    97 | D        | Noticed a meat beast
    97 | D        | Noticed an accursed
    98 | D        | Killed a meat beast
    98 | D        | Killed an accursed
   103 | D        | Noticed an accursed
   104 | D        | Killed an accursed
   104 | D        | Noticed a meat beast
   104 | D        | Noticed a destroyer
   105 | D        | Killed a meat beast
   105 | D        | Killed a destroyer
   107 | D        | Noticed a dread
   107 | D        | Killed a dread
   108 | D        | Noticed an accursed
   108 | D        | Noticed a meat beast
   108 | D        | Noticed a meat beast
   108 | D        | Noticed a tyrant
   108 | D        | Noticed an accursed
   109 | D        | Killed an accursed
   109 | D        | Noticed a dread
   109 | D        | Noticed an accursed
   109 | D        | Noticed The Servant
   110 | D        | Killed a meat beast
   110 | D        | Killed a tyrant
   111 | D        | Noticed a tyrant
   111 | D        | Noticed a meat beast
   111 | D        | Killed a meat beast
   111 | D        | Noticed a meat beast
   111 | D        | Noticed an accursed
   112 | D        | Noticed a destroyer
   112 | D        | Killed an accursed
   112 | D        | Noticed an accursed
   113 | D        | Killed a meat beast
   113 | D        | Killed a meat beast
   113 | D        | Noticed a fleshlord
   114 | D        | Killed an accursed
   114 | D        | Killed a destroyer
   117 | D        | Killed a tyrant
   117 | D        | Killed a fleshlord
   117 | D        | Killed a dread
   120 | D        | Noticed a fleshlord
   120 | D        | Noticed a fleshlord
   121 | D        | Killed a fleshlord
   121 | D        | Killed The Servant
   121 | D        | Killed a fleshlord
   121 | D        | Noticed a fleshlord
   122 | D        | Killed a fleshlord
   122 | D        | Killed an accursed
   122 | D        | Killed a meat beast
   124 | D        | Killed an accursed
   126 | D        | Killed a destroyer
   126 | D        | Noticed a tyrant
   127 | D        | Killed a tyrant
   127 | D        | Noticed a tyrant
   128 | D        | Killed a tyrant
   128 | D        | Noticed a dread
   128 | D        | Noticed a fleshlord
   129 | D        | Killed a fleshlord
   129 | D        | Killed a dread
   129 | D        | Noticed a fleshlord
   130 | D        | Killed a fleshlord
   130 | D        | Noticed a fleshlord
   132 | D        | Killed a fleshlord
   133 | D        | Noticed a fleshlord
   134 | D        | Killed a fleshlord
   135 | D        | Noticed a fleshlord
   135 | D        | Noticed a fleshlord
   135 | D        | Noticed a fleshlord
   135 | D        | Noticed a destroyer
   135 | D        | Noticed an accursed
   135 | D        | Noticed a meat beast
   135 | D        | Noticed a destroyer
   136 | D        | Noticed a fleshlord
   136 | D        | Killed a destroyer
   136 | D        | Noticed a destroyer
   136 | D        | Noticed a tyrant
   137 | D        | Noticed a tyrant
   138 | D        | Killed a meat beast
   139 | D        | Killed a destroyer
   140 | D        | Noticed a destroyer
   140 | D        | Killed a destroyer
   140 | D        | Killed a tyrant
   140 | D        | Annihilated by a fleshlord

Illustrated notes

Levels and vault maps discovered:
D:        meatsprint

Skill      XL: |  1  2  3  4  5  6  7  8  9 10 11 12 13 14 15 16 17 18 19 20 21 22 23 24 25 26 27 |
---------------+----------------------------------------------------------------------------------+-----
Fighting       | 10 13 15 16 18 22 27 | 27.0
Axes           | 8 12 14 15 19 26 27 | 27.0
Throwing       | 3 4 5 6 8 10 18 26 27 | 27.0
Armour         | 4 5 6 7 10 13 24 27 | 27.0
Dodging        | 11 14 15 16 18 21 24 27 | 27.0
Spellcasting   | 18 22 24 26 27 | 27.0
Short Blades   | 6 11 14 17 20 21 27 | 27.0
Long Blades    | 6 11 14 17 20 21 27 | 27.0
Maces & Flails | 6 10 13 15 18 19 27 | 27.0
Polearms       | 6 10 13 15 18 19 27 | 27.0
Staves         | 6 11 14 17 20 21 27 | 27.0
Slings         | 6 10 13 15 18 19 27 | 27.0
Bows           | 6 10 13 15 18 19 27 | 27.0
Crossbows      | 6 10 13 15 18 19 27 | 27.0
Stealth        | 6 11 14 17 20 21 27 | 27.0
Shields        | 7 11 14 17 20 21 27 | 27.0
Unarmed Combat | 7 11 14 17 20 21 27 | 27.0
Invocations    | 7 11 14 17 20 21 27 | 27.0
Evocations     | 7 11 14 17 20 21 27 | 27.0

Action                   |  1- 3 |  4- 6 |  7- 9 | 10-12 | 13-15 | 16-18 | 19-21 | 22-24 | 25-27 || total
-------------------------+-------+-------+-------+-------+-------+-------+-------+-------+-------++-------
Melee: Executioner's axe |     1 |       |       |     3 |     6 |    12 |    14 |    13 |   150 ||   199
Throw: Boomerang         |       |       |       |       |       |       |       |       |     1 ||     1
 Cast: Manifold Assault  |       |       |       |     1 |     3 |     7 |     9 |     9 |    63 ||    92
       Corpse Rot        |       |       |       |       |       |       |       |       |     1 ||     1
       Malign Gateway    |       |       |       |       |       |       |       |       |     1 ||     1
Armor: Leather armour    |       |       |       |       |       |       |       |       |     2 ||     2
Dodge: Dodged            |       |       |       |       |       |       |       |       |    19 ||    19

Table legend: (Time is in decaauts)
 A = Elapsed time spent in this place.
 B = Non-inter-level travel time spent in this place.
 C = Inter-level travel time spent in this place.
 D = Time resting spent in this place.
 E = Time spent auto-exploring this place.
 F = Levels seen in this place.
 G = Mean time per level.
                   A        B        C        D        E       F      G
               +--------+--------+--------+--------+--------+-----+--------+
         Total |    133 |    133 |      0 |      5 |      9 |   1 |  133.0 |
       Dungeon |    133 |    133 |      0 |      5 |      9 |   1 |  133.0 |
               +--------+--------+--------+--------+--------+-----+--------+

Top non-repeatable levels by time:
       D: 133 daAuts
